 Dungeon Crawl Stone Soup version 0.27.0-1-g7a089689b8 (webtiles) character file.

Game seed: 11564925193344105003

618 ZARRMARR the Ruffian (level 7, -1/55 HPs)
             Began as a Yellow Draconian Transmuter on Aug 2, 2021.
             Slain by Grinder (4 damage)
             ... while paralysed by Grinder
             ... on level 4 of the Dungeon.
             The game lasted 00:35:59 (7807 turns).

ZARRMARR the Ruffian (Yellow Draconian Transmuter)  Turns: 7807, Time: 00:36:00

Health: -1/55      AC:  6    Str: 13    XL:     7   Next: 21%
Magic:  12/12      EV:  2    Int: 15    God:
Gold:   197        SH:  0    Dex: 11    Spells: 12/13 levels left

rFire    . . .     SeeInvis .     - Unarmed
rCold    . . .     Faith    .   (no shield)
rNeg     . . .     Spirit   .   (armour unavailable)
rPois    .         Reflect  .   (helmet currently unavailable)
rElec    .         Harm     .   (no cloak)
rCorr    +         Rampage  .   (no gloves)
Will     .....                  (boots currently unavailable)
Stlth    ++........             (no amulet)
HPRegen  0.18/turn              j - ring of flight
MPRegen  0.13/turn              (no ring)

@: paralysed, appendages, flying
A: horns 2, talons 2, spit acid, AC +6, unfitting armour, cold-blooded, acid
resistance
a: Breathe Acid, End Transformation


You were on level 4 of the Dungeon.
You had temporarily grown beastly horns and talons.
You visited 1 branch of the dungeon, and saw 5 of its levels.

You collected 197 gold pieces.

Inventory:

Hand Weapons
 a - a +2 dagger of electrocution
 n - a +2 rapier of electrocution
Missiles
 c - 129 stones
 d - 11 poisoned darts
 i - a boomerang (quivered)
Armour
 o - a +0 pair of boots (melded)
Magical Staves
 e - a staff of conjuration
Jewellery
 j - a ring of flight (left hand)
Wands
 p - a wand of digging (5)
Scrolls
 f - 2 scrolls of enchant armour
 h - a scroll of amnesia
Potions
 b - 2 potions of invisibility {unknown}
 k - a potion of might {unknown}
 l - a potion of flight {unknown}
 m - a potion of mutation {unknown}


   Skills:
 + Level 2.0 Fighting
 + Level 2.6 Throwing
 + Level 3.0 Dodging
 + Level 1.4 Stealth
 + Level 4.7 Unarmed Combat
 + Level 3.6 Spellcasting
 + Level 3.7 Transmutations


You had 12 spell levels left.
You knew the following spells:

 Your Spells              Type           Power      Damage    Failure   Level
a - Beastly Appendage     Tmut           28%        N/A       4%          1

Your spell library contained the following spells:

 Spells                   Type           Power      Damage    Failure   Level
 Wereblood                Tmut           14%        N/A       6%          2
 Spider Form              Tmut/Pois      4%         N/A       26%         3
 Ice Form                 Ice/Tmut       8%         N/A       65%         4
 Chain Lightning          Conj/Air       1%         3d1       100%        9
 Fire Storm               Conj/Fire      1%         7d1       100%        9


Dungeon Overview and Level Annotations

Branches:
Dungeon (5/15)
 Temple: D:4-7

Altars:
Okawaru
The Shining One

Annotations:
D:4 Grinder


Innate Abilities, Weirdness & Mutations

You have temporarily grown beastly horns and talons.
You can spit globs of acid.
Your golden yellow scales are hard. (AC +6)
You cannot fit into any form of body armour.
You are cold-blooded and may be slowed by cold attacks.
You are resistant to acid. (rCorr)


Message History

Grinder hits you.
You hit Grinder. Your headbutt misses Grinder.
Grinder is moderately wounded.
Grinder gestures at you.
You suddenly lose the ability to move!
Grinder hits you. Grinder hits you!
You writhe in agony.
You can move again.
You hit Grinder. Your headbutt misses Grinder.
Grinder is moderately wounded.
Grinder misses you.
You closely miss Grinder.
Grinder is moderately wounded.
Grinder hits you.
You hit Grinder but do no damage. You claw Grinder, but do no damage.
Your tail-slap misses Grinder.
Grinder is moderately wounded.
Grinder closely misses you.
You closely miss Grinder.
Your tail-slap misses Grinder.
Grinder is moderately wounded.
Grinder hits you.
You writhe in agony.
* * * LOW HITPOINT WARNING * * *
You hit Grinder but do no damage. You headbutt Grinder.
You tail-slap Grinder, but do no damage.
You punch Grinder, but do no damage.
Grinder is moderately wounded.
Grinder hits you!
* * * LOW HITPOINT WARNING * * *
You writhe in agony.
* * * LOW HITPOINT WARNING * * *
You hit Grinder. You headbutt Grinder, but do no damage. You tail-slap Grinder.
Grinder is heavily wounded.
Grinder gestures at you.
You suddenly lose the ability to move!
Grinder hits you.
* * * LOW HITPOINT WARNING * * *
You writhe in agony.
* * * LOW HITPOINT WARNING * * *
Grinder hits you.
You die...

#.....# #.....#.#
##.##.# #.#####.#
#.##.# #.# #.#
#.##.# #.# #.#
#.##.# #.# #.#
#.##.# #.# #.#
#.##.# #.# #.#
#[##.####.#####.##
#@5...............
#########.#####.##
#.# #.## #.# #...
#.# #### #.# #.#
#.# #.#


You could see Grinder.

Vanquished Creatures
  A sky beast (D:4)
  An ice beast (D:4)
  2 hounds
  An orc priest (D:5)
  2 iguanas
  Natasha (thrice) (D:3)
  A hound skeleton (D:4)
  3 gnolls (D:3)
  7 adders
  An ufetubus (D:4)
  A worm (D:2)
  3 dart slugs
  15 orcs
  7 ball pythons
  2 bats
  9 endoplasms
  3 giant cockroaches
  6 goblins
  12 hobgoblins
  8 jackals
  A quokka (D:1)
  A frilled lizard (D:3)
  7 kobolds
  9 rats
106 creatures vanquished.

Notes
Turn   | Place    | Note
-------+----------+-------------------------------------------
     0 | D:1      | ZARRMARR the Draconian Transmuter began the quest for the
                  | Orb.
     0 | D:1      | Reached XP level 1. HP: 16/16 MP: 3/3
   582 | D:1      | Reached XP level 2. HP: 11/23 MP: 3/5
  1023 | D:1      | Found a faded altar of an unknown god.
  1669 | D:1      | Reached XP level 3. HP: 28/28 MP: 4/6
  2398 | D:2      | Reached XP level 4. HP: 30/35 MP: 6/8
  2477 | D:2      | Found a glowing golden altar of the Shining One.
  3585 | D:3      | Noticed Natasha
  3598 | D:3      | Killed Natasha
  3822 | D:3      | Reached skill level 1 in Throwing
  3847 | D:3      | Reached XP level 5. HP: 40/40 MP: 7/9
  4343 | D:3      | Noticed Natasha
  4635 | D:3      | Reached skill level 4 in Unarmed Combat
  4763 | D:3      | Killed Natasha
  5061 | D:3      | Found an iron altar of Okawaru.
  5379 | D:3      | Noticed Natasha
  5386 | D:3      | Killed Natasha
  5387 | D:3      | Reached XP level 6. HP: 48/48 MP: 8/10
  5442 | D:4      | Reached skill level 1 in Stealth
  6214 | D:5      | Entered Level 5 of the Dungeon
  6225 | D:5      | Noticed Grinder
  6396 | D:5      | Noticed an ice beast
  6412 | D:4      | Killed an ice beast
  7174 | D:5      | Noticed a sky beast
  7192 | D:4      | Killed a sky beast
  7193 | D:4      | Your scales start taking on a golden yellow colour.
  7193 | D:4      | Reached XP level 7. HP: 40/53 MP: 12/12
  7193 | D:4      | Gained mutation: You are resistant to acid. (rCorr) [Yellow
                  | Draconian growth]
  7797 | D:4      | Paralysed by Grinder for 2 turns
  7805 | D:4      | Paralysed by Grinder for 5 turns
  7807 | D:4      | Slain by Grinder

Illustrated notes

Levels and vault maps discovered:
D:1:      minmay_arrival_up_and_down, layout_basic,
          hellmonk_ecumenical_altar_zigzags, amcnicky_mini_pool_small
D:2:      layout_loops_ring, basic_altar
D:3:      layout_loops_cross, mainiacjoe_overflow_alcove_1, feat_on_display,
          uniq_natasha
D:4:      layout_basic
D:5:      layout_cave_pools, nzn_wu_jian_contemplation,
          chequers_temple_overflow_minitemple, uniq_grinder

Skill      XL: |  1  2  3  4  5  6  7 |
---------------+----------------------+-----
Transmutations | 3 |  3.7
Dodging        | 2 3 |  3.0
Spellcasting   | 3 |  3.6
Throwing       | 1 2 |  2.6
Unarmed Combat | 4 |  4.7
Stealth        | 1 |  1.4
Fighting       | 2 |  2.0

Action                   |  1- 3 |  4- 6 |  7- 9 || total
-------------------------+-------+-------+-------++-------
Melee: Unarmed           |    90 |   209 |    22 ||   321
       Kick              |    12 |    41 |     6 ||    59
       Tailslap          |     6 |    12 |     4 ||    22
       Punch             |     2 |     3 |     1 ||     6
       Headbutt          |     7 |    21 |     3 ||    31
Throw: Stone             |    51 |    73 |       ||   124
       Boomerang         |       |    34 |     5 ||    39
 Cast: Beastly Appendage |    26 |    32 |     4 ||    62
 Abil: Breathe Acid      |       |       |     1 ||     1
  Use: Scroll            |       |     8 |       ||     8
 Stab: Sleeping          |     2 |       |       ||     2
Armor: Skin              |    24 |    63 |     4 ||    91
Dodge: Dodged            |    43 |   131 |    16 ||   190
